 Dungeon Crawl Stone Soup version 0.30-a0-1053-gbd8d5ba0ad (webtiles) character file.

Game seed: 31295696781917841

56 Newt the Trooper (level 3, -4/30 HPs)
             Began as a Demonspawn Gladiator on Apr 11, 2023.
             Slain by Sigmund
             ... wielding a +2 scythe of holy wrath
              (6 damage)
             ... on level 2 of the Dungeon.
             The game lasted 00:01:35 (1524 turns).

Newt the Trooper (Demonspawn Gladiator)             Turns: 1524, Time: 00:01:35

Health: -4/30      AC:  4    Str: 16    XL:     3   Next: 69%
Magic:  3/3        EV: 12    Int:  9    God:
Gold:   14         SH:  0    Dex: 14    Spells: 2/2 levels left

rFire   . . .      SeeInvis .    n - +2 short sword (speed)
rCold   . . .      Faith    .    (no shield)
rNeg    . . .      Spirit   .    b - +0 leather armour
rPois   .          Reflect  .    c - +0 helmet
rElec   .          Rampage  .    (no cloak)
rCorr   .                        (no gloves)
Will    .....                    (no boots)
Stlth   +                        (no amulet)
HPRegen 0.25/turn                (no ring)
MPRegen 0.08/turn                (no ring)

@: confused
A: powered by death 1, demonic magic 1
a: no special abilities


You were on level 2 of the Dungeon.
You visited 1 branch of the dungeon, and saw 2 of its levels.

You collected 14 gold pieces.

Inventory:

Hand Weapons
 a - a +0 rapier
 n - a +2 short sword of speed (weapon)
Missiles
 e - a javelin (quivered)
 o - 7 stones
Armour
 b - a +0 leather armour (worn)
 c - a +0 helmet (worn)
Scrolls
 f - a scroll of magic mapping {unknown}
 g - a scroll of enchant armour {unknown}
 k - a scroll of enchant weapon {unknown}
 m - a scroll of noise {unknown}
Potions
 h - a potion of magic {unknown}
 i - 2 potions of heal wounds
 j - a potion of degeneration {unknown}
 l - a potion of curing {unknown}


   Skills:
 - Level 4.0 Fighting
 + Level 2.9 Short Blades
 - Level 1.7 Throwing
 - Level 2.6 Dodging


You had 2 spell levels left.
You didn't know any spells.
Your spell library was empty.

Dungeon Overview and Level Annotations

Branches:
Dungeon (2/15)

Altars:

Annotations:
D:2 Sigmund


Innate Abilities, Weirdness & Mutations

You regenerate a little health from kills.
Spells you cast may paralyse adjacent enemies.


Message History

Sigmund hits you with a +2 scythe of holy wrath.
You convulse.
You hit Sigmund but do no damage.
Sigmund is heavily wounded.
You closely miss Sigmund.
Sigmund is heavily wounded.
You feel less confused.
Throw: throwing net
Press: ? - help, Q - select action, (/) - cycle Shift-Dir - straight line, f/p - Sigmund
Aim: Sigmund, wielding a +2 scythe of holy wrath and wearing a +0 robe (heavily wounded, 57% to hit)
You throw a throwing net. The throwing net hits Sigmund.
Sigmund is caught in the net!
Sigmund is heavily wounded.
Sigmund struggles against the net.
You barely miss Sigmund.
Sigmund is heavily wounded.
Sigmund struggles against the net.
You catch the helpless Sigmund completely off-guard!
You hit Sigmund.
Sigmund is heavily wounded.
You hit Sigmund.
Sigmund is severely wounded.
Sigmund struggles against the net.
You hit Sigmund.
Sigmund is severely wounded.
You hit Sigmund.
Sigmund is almost dead.
Sigmund gestures at you while chanting.
You are confused.
Sigmund struggles against the net.
You bump into the rock wall.
You closely miss Sigmund.
Sigmund is almost dead.
Sigmund struggles against the net.
Sigmund struggles against the net.
The net rips apart, and Sigmund comes free!
Sigmund hits you with a +2 scythe of holy wrath!
* * * LOW HITPOINT WARNING * * *
You convulse.
You die...

#...†..##.#.#.#.# #
#######..#.#.#.#.. .#
........>#.#.#.#.###.##
#######..#.#.#.#.#....#
#..[...#.#.#...#..#
#######...#.#.#.#......#
.......<..#.#..........#
#########.#.....#.###..#
#<.....#@#.##..#......##
#####..#@# #..####....#
#.##b# #..# #..#.# #†##.#
#..# #..#.# #†...#
#..####..#.#
.##+######.####........#.#
...{..........##.#####.#.#
.....)........# #.....#.#
..............# #.##..#.#


You could see Sigmund and a bat.

Vanquished Creatures
  2 adders (D:2)
  A dart slug (D:1)
  A ball python (D:1)
  2 bats (D:1)
  6 endoplasms (D:1)
  2 goblins (D:1)
  2 hobgoblins (D:1)
  3 jackals (D:2)
  4 quokkas (D:1)
  4 kobolds
  5 rats (D:1)
32 creatures vanquished.

Notes
Turn   | Place    | Note
-------+----------+-------------------------------------------
     0 | D:1      | Newt the Demonspawn Gladiator began the quest for the Orb.
     0 | D:1      | Reached XP level 1. HP: 16/16 MP: 1/1
   202 | D:1      | Gained mutation: You regenerate a little health from kills.
                  | [demonic ancestry]
   202 | D:1      | Reached XP level 2. HP: 16/23 MP: 2/2
   285 | D:1      | Reached skill level 3 in Fighting
   640 | D:1      | Gained mutation: Spells you cast may paralyse adjacent
                  | enemies. [demonic ancestry]
   640 | D:1      | Reached XP level 3. HP: 29/29 MP: 3/3
  1088 | D:2      | Reached skill level 4 in Fighting
  1277 | D:2      | Noticed Sigmund
  1524 | D:2      | Slain by Sigmund

Illustrated notes

Levels and vault maps discovered:
D:1:      minmay_arrival_five_plusses, layout_basic
D:2:      layout_basic, basic_altar, dreamdust_princess_corridor,
          minmay_tromino_i2, uniq_natasha, uniq_sigmund

Skill      XL: |  1  2  3 |
---------------+----------+-----
Fighting       | 3 4 |  4.0
Short Blades   | |  2.9
Throwing       | |  1.7
Dodging        | |  2.6

Action                     || total
---------------------------++-------
  Melee: Rapier            ||   107
         Short sword       ||    38
  Throw: Throwing net      ||     3
    Use: Potion            ||     1
   Stab: Sleeping          ||     2
         Held in net/web   ||     1
 Armour: Leather armour    ||    31
  Dodge: Dodged            ||    86

Table legend: (Time is in decaauts)
 A = Elapsed time spent in this place.
 B = Non-inter-level travel time spent in this place.
 C = Inter-level travel time spent in this place.
 D = Time resting spent in this place.
 E = Time spent auto-exploring this place.
 F = Levels seen in this place.
 G = Mean time per level.
                   A        B        C        D        E       F      G
               +--------+--------+--------+--------+--------+-----+--------+
         Total |   1515 |   1467 |     48 |    200 |    994 |   2 |  757.5 |
       Dungeon |   1515 |   1467 |     48 |    200 |    994 |   2 |  757.5 |
               +--------+--------+--------+--------+--------+-----+--------+

Top non-repeatable levels by time:
     D:1: 1259 daAuts
     D:2: 256 daAuts
